 Dungeon Crawl Stone Soup version 0.21.0 (webtiles) character file.

4720 Jynx the Basher (level 10, -19/51 HPs)
             Began as a Gargoyle Fighter on Jan 6, 2018.
             Was a Believer of Okawaru.
             Killed from afar by an ophan (33 damage)
             ... with a bolt of fire
             ... on level 1 of the Abyss.
             The game lasted 00:19:17 (6863 turns).

Jynx the Basher (Gargoyle Fighter)                  Turns: 6863, Time: 00:19:18

Health: -19/51     AC: 31    Str: 22    XL:     10   Next: 45%
Magic:  8/8        EV:  6    Int:  8    God:    Okawaru [**....]
Gold:   477        SH: 12    Dex: 11    Spells: 9/9 levels left

rFire    . . .     SeeInvis .   G - +0 flail (protect)
rCold    + . .     Gourm    .   c - +1 shield
rNeg     + . .     Faith    .   F - +0 chain mail
rPois    ∞         Spirit   .   (no helmet)
rElec    +         Reflect  .   s - +0 cloak
rCorr    .         Harm     .   e - +0 pair of gloves
MR       .....                  y - +2 pair of boots
Stlth    ..........             w - amulet of regeneration
HPRegen  0.57/turn              D - ring of protection from cold
MPRegen  0.11/turn              (no ring)

@: protection aura, glowing
A: [blurry vision 2], [frail 2], [low mp 2], negative energy resistance 1,
electricity resistance, unbreathing, petrification resistance, rot immunity, AC
+7
a: Heroism, Renounce Religion


You were on level 1 of the Abyss.
You worshipped Okawaru.
Okawaru was pleased with you.
You were hungry.

You visited 2 branches of the dungeon, and saw 9 of its levels.
You visited the Abyss 1 time.

You collected 477 gold pieces.

Inventory:

Hand Weapons
 G - a +0 flail of protection (weapon)
Armour
 c - a +1 shield (worn)
 e - a +0 pair of gloves (worn)
 s - a +0 cloak (worn)
 y - a +2 pair of boots (worn)
 F - a +0 chain mail (worn)
Jewellery
 m - an uncursed ring of fire
 u - an uncursed ring of wizardry
 w - an amulet of regeneration (around neck)
 D - a ring of protection from cold (left hand)
Wands
 h - a wand of polymorph (10)
 k - a wand of acid (10)
Scrolls
 b - a scroll of noise {unknown}
 d - a scroll of immolation {unknown}
 g - 2 scrolls of random uselessness {unknown}
 i - a scroll of remove curse
 j - 4 scrolls of teleportation
 l - a scroll of magic mapping
 n - 2 scrolls of enchant armour
 p - 2 scrolls of blinking {unknown}
 z - 2 scrolls of amnesia {unknown}
 A - 3 scrolls of identify
 C - a scroll of summoning {unknown}
Potions
 o - 2 potions of curing
 q - a potion of ambrosia {unknown}
 r - a potion of resistance
 t - 3 potions of lignification {unknown}
 v - a potion of heal wounds {unknown}
 x - a potion of flight {unknown}
 B - a potion of agility
Comestibles
 f - 14 rations


   Skills:
 + Level 8.0 Fighting
 * Level 9.8 Maces & Flails
 + Level 8.1 Armour
 + Level 8.1 Shields


You had 9 spell levels left.
You didn't know any spells.

Dungeon Overview and Level Annotations

Branches:
Dungeon (8/15)             Temple (1/1) D:4
   Lair: D:8-11

Altars:
Cheibriados
Dithmenos
Elyvilon
Fedhas
Gozag
Hepliaklqana
Kikubaaqudgha
Makhleb
Nemelex Xobeh
Okawaru
Qazlal
Ru
Sif Muna
Uskayaw
Vehumet
Wu Jian
Xom
Yredelemnul
Zin
The Shining One

Annotations:
D:8 Grum, Psyche


Innate Abilities, Weirdness & Mutations

You are resistant to torment.
Your stone body is resilient. (AC +7)
You are immune to poison.
You resist negative energy. (rN+)
You are resistant to electric shocks. (rElec)
You can survive without breathing.
You are immune to petrification.
You are immune to rotting.
[Scrolls take you longer to read.]
[You are very frail. (-20% HP)]
[Your magical capacity is very low. (-20% MP)]


Message History

You hit the ophan but do no damage.
The ophan is heavily wounded.
The iron imp barely misses you.
You hit the ophan but do no damage.
The ophan is heavily wounded.
You block the iron imp's attack.
The ophan harnesses the cleansing power of fire!
The bolt of fire hits you!
* * * LOW HITPOINT WARNING * * *
You hit the ophan but do no damage.
The ophan is heavily wounded.
You barely miss the ophan.
The ophan is heavily wounded.
The iron imp shouts, "Go and return not, thou twisted weevil-witted Cock-Lorel!"
You block the iron imp's attack.
You feel better. You block the iron imp's attack.
The ophan harnesses the cleansing power of fire!
The bolt of fire hits you!
Ouch! That really hurt!
You die...

### ## ## .#.
....#.# ##
###.#..##.... ##
#...G@....# .
#...#5.....# #
##§...#.#.###..##
. .# #.#### ...#
. # . #... #### .
.#..### # . .. .$
#. .# ###. # ..
.# .


You could see an ophan and an iron imp.

Vanquished Creatures
  A two-headed ogre (D:8)
  A wretched star (Abyss:1)
  A hippogriff (D:7)
  Menkaure (D:6)
  Duvessa (D:4)
  5 orc warriors
  An ice beast (D:6)
  A wolf (D:8)
  4 ogres
  A centaur (D:6)
  2 bullfrogs
  3 elf zombies (D:6)
  2 elf skeletons (D:6)
  Dowan (D:4)
  3 killer bees (D:7)
  3 wights (D:8)
  2 howler monkeys (D:6)
  2 vampire bats (D:4)
  4 crimson imps (D:3)
  A bullfrog zombie (D:5)
  3 hounds
  A jelly (D:6)
  3 orc priests
  2 centaur skeletons (D:5)
  A bullfrog skeleton (D:4)
  2 orc wizards
  2 iguanas
  3 human skeletons (D:6)
  Natasha (thrice) (D:2)
  6 worker ants
  2 hound skeletons (D:5)
  2 worker ant zombies
  4 gnolls
  7 adders
  3 shadow imps
  An adder skeleton (D:4)
  A worm (D:3)
  2 dart slugs
  7 leopard geckos
  26 orcs
  7 giant cockroaches
  8 goblins
  5 hobgoblins
  9 jackals
  3 quokkas
  2 ball pythons
  12 bats
  2 frilled lizards (D:1)
  A giant cockroach zombie (D:5)
  7 kobolds
  A leopard gecko zombie (D:5)
  An orc skeleton (D:6)
  2 orc zombies (D:6)
  2 quokka zombies
  9 rats
192 creatures vanquished.

Vanquished Creatures (others)
  A large abomination (Abyss:1)
1 creature vanquished.

Grand Total: 193 creatures vanquished

Notes
Turn   | Place    | Note
-------+----------+-------------------------------------------
     0 | D:1      | Jynx the Gargoyle Fighter began the quest for the Orb.
     0 | D:1      | Reached XP level 1. HP: 14/14 MP: 1/1
     9 | D:1      | Reached XP level 2. HP: 19/19 MP: 2/2
   337 | D:1      | Reached XP level 3. HP: 18/23 MP: 3/3
   854 | D:2      | Reached skill level 3 in Maces & Flails
   888 | D:2      | Reached XP level 4. HP: 26/29 MP: 4/4
   898 | D:2      | Noticed Natasha
   905 | D:2      | Killed Natasha
   911 | D:2      | Noticed Natasha
   917 | D:2      | Killed Natasha
   995 | D:2      | Found a basalt altar of Yredelemnul.
  1000 | D:2      | Found a glowing golden altar of the Shining One.
  1002 | D:2      | Noticed an angel
  1035 | D:2      | Noticed Natasha
  1050 | D:2      | Killed Natasha
  1050 | D:2      | Reached XP level 5. HP: 8/33 MP: 5/5
  1645 | D:3      | Found a shimmering altar of Xom.
  1737 | D:3      | Reached skill level 4 in Maces & Flails
  1792 | D:3      | Reached XP level 6. HP: 38/39 MP: 6/6
  2005 | D:3      | Found a shadowy altar of Dithmenos.
  2399 | D:4      | Noticed Duvessa
  2399 | D:4      | Noticed Dowan
  2406 | D:4      | Killed Duvessa
  2411 | D:4      | Killed Dowan
  2411 | D:4      | Reached XP level 7. HP: 39/44 MP: 7/7
  2440 | D:4      | Reached skill level 5 in Maces & Flails
  2774 | D:4      | Reached skill level 5 in Fighting
  2774 | D:4      | Reached skill level 5 in Armour
  2774 | D:4      | Reached skill level 5 in Shields
  2838 | D:4      | Found a staircase to the Ecumenical Temple.
  2847 | Temple   | Entered the Ecumenical Temple
  3382 | D:5      | Entered Level 5 of the Dungeon
  3483 | D:5      | Reached XP level 8. HP: 48/49 MP: 8/8
  3656 | D:5      | Reached skill level 6 in Maces & Flails
  4308 | D:6      | Reached skill level 7 in Maces & Flails
  4383 | D:6      | Noticed Menkaure
  4397 | D:6      | Killed Menkaure
  4397 | D:6      | Reached XP level 9. HP: 25/55 MP: 9/9
  4624 | D:6      | Found a radiant altar of Vehumet.
  4955 | D:7      | Reached skill level 8 in Maces & Flails
  5796 | D:7      | Found an iron altar of Okawaru.
  5813 | D:7      | Became a worshipper of Warmaster Okawaru
  5898 | D:7      | Found an opulent altar of Gozag.
  6219 | D:8      | Noticed a two-headed ogre
  6231 | D:8      | Killed a two-headed ogre
  6231 | D:8      | Reached * piety under Okawaru
  6231 | D:8      | Reached skill level 9 in Maces & Flails
  6231 | D:8      | Reached XP level 10. HP: 36/63 MP: 10/10
  6438 | D:8      | Found a hide-covered altar of Uskayaw.
  6747 | D:8      | Noticed Psyche
  6749 | D:8      | Noticed Grum
  6766 | D:8      | Cast into level 1 of the Abyss (Psyche)
  6800 | Abyss:1  | Noticed an ophan
  6800 | Abyss:1  | Noticed a large abomination
  6804 | Abyss:1  | Noticed a wretched star
  6819 | Abyss:1  | Killed a wretched star
  6819 | Abyss:1  | Reached ** piety under Okawaru
  6820 | Abyss:1  | Killed a large abomination
  6835 | Abyss:1  | HP: 1/51 [ophan/bolt of fire (26)]
  6863 | Abyss:1  | Killed from afar by an ophan

Skill      XL: |  1  2  3  4  5  6  7  8  9 10 |
---------------+-------------------------------+-----
Maces & Flails | 3 4 5 7 9 |  9.8
Fighting       | 4 5 6 7 8 |  8.0
Armour         | 4 5 6 7 8 |  8.1
Shields        | 4 5 6 7 8 |  8.1

Action                   |  1- 3 |  4- 6 |  7- 9 | 10-12 || total
-------------------------+-------+-------+-------+-------++-------
Melee: Flail             |   154 |   161 |   709 |   134 ||  1158
Invok: Heroism           |       |       |       |     5 ||     5
  Use: Scroll            |     4 |       |     6 |       ||    10
       Potion            |       |     2 |     5 |     1 ||     8
  Eat: Chunk             |       |     5 |    14 |     2 ||    21
Armor: Scale mail        |    94 |   144 |   362 |       ||   600
       Chain mail        |       |       |     5 |    48 ||    53
Dodge: Dodged            |    53 |    55 |   187 |    23 ||   318
Block: Shield            |    85 |   109 |   427 |    53 ||   674
